 Dungeon Crawl Stone Soup version 0.20.1-1-g8b1a95d (console) character file.

2217 hilaritas the Basher (level 9, -13/92 HPs)
             Began as an Ogre Gladiator on Mar 3, 2018.
             Was a Believer of Makhleb.
             Killed from afar by an electric eel (15 damage)
             ... with a bolt of electricity
             ... on level 7 of the Dungeon.
             The game lasted 00:16:33 (7341 turns).

hilaritas the Basher (Ogre Gladiator)               Turns: 7341, Time: 00:16:33

Health: -13/92     AC:  5    Str: 23    XL:     9   Next: 35%
Magic:  0/12       EV: 10    Int:  9    God:    Makhleb [**....]
Gold:   380        SH:  0    Dex: 12    Spells: 6/8 levels left

rFire    . . .     SeeInvis .   w - +3 flail (crush)
rCold    . . .     Gourm    .   (no shield)
rNeg     . . .     Faith    .   t - +1 robe of the Morning {*Drain Dex+2 Stlth+}
rPois    +         Spirit   +   c - +1 hat
rElec    .         Reflect  .   a - scarf {Spirit}
rCorr    .         Harm     .   (gloves unavailable)
MR       .....                  (boots unavailable)
Stlth    ++........             j - amulet of magic regeneration
Regen    0.3/turn               e - ring of poison resistance
MPRegen  0.2/turn               m - +5 ring of slaying

@: no status effects
A: unfitting armour, tough skin 1
a: Minor Destruction, Renounce Religion


You were on level 7 of the Dungeon.
You worshipped Makhleb.
Makhleb was pleased with you.
You were hungry.

You visited 1 branch of the dungeon, and saw 7 of its levels.

You collected 380 gold pieces.

Inventory:

Hand Weapons
 w - a +3 flail of crushing (weapon)
Missiles
 d - 3 throwing nets (quivered)
Armour
 a - a scarf of spirit shield (worn)
 c - a +1 hat (worn)
 t - the +1 robe of the Morning (worn) {*Drain Dex+2 Stlth+}
   (You found it on level 4 of the Dungeon)

   It affects your dexterity (+2).
   It causes draining when unequipped.
   It makes you more stealthy.
Jewellery
 e - a ring of poison resistance (left hand)
 j - an amulet of magic regeneration (around neck)
 m - a +5 ring of slaying (right hand)
 v - an uncursed ring of positive energy
Wands
 r - a wand of random effects (28/48)
 y - a wand of lightning (8/15)
Scrolls
 p - 2 scrolls of fog
 s - 4 scrolls of amnesia
 z - 2 scrolls of teleportation
 A - a scroll of enchant armour
Potions
 h - 3 potions of might
 i - a potion of berserk rage
 k - a potion of brilliance
 l - 2 potions of invisibility
 n - 3 potions of curing
 o - 2 potions of heal wounds
 u - a potion of degeneration {unknown}
 x - a potion of haste {unknown}
Books
 b - a book of Minor Magic

   Spells                             Type                      Level
   a - Magic Dart                     Conjuration                  1
   b - Blink                          Translocation                2
   c - Call Imp                       Summoning                    2
   d - Slow                           Hexes                        2
   e - Conjure Flame                  Conjuration/Fire             3
   f - Mephitic Cloud                 Conjuration/Poison/Air       3
Comestibles
 f - 3 bread rations
 g - 4 royal jellies
 q - 3 meat rations


   Skills:
 * Level 6.6 Fighting
 - Level 10.0 Maces & Flails
 - Level 2.0 Throwing
 + Level 2.6 Dodging
 * Level 4.1 Invocations


You had 6 spell levels left.
You knew the following spells:

 Your Spells              Type           Power        Failure   Level  Hunger
a - Blink                 Tloc           N/A          52%         2    ###....


Dungeon Overview and Level Annotations

Branches:
Dungeon (7/15)             Temple (0/1) D:7

Altars:
Ashenzari
Cheibriados
Fedhas
Gozag
Hepliaklqana
Kikubaaqudgha
Makhleb
Nemelex Xobeh
Qazlal
Ru

Shops:
D:7 }

Annotations:
D:7 1 transporter


Innate Abilities, Weirdness & Mutations

You are too large for most types of armour.
You have tough skin. (AC +1)


Message History

Why would you want to do that?
You enter the shallow water.
Moving in this stuff is going to be slow.
The electric eel shoots out a bolt of lightning at you!
The bolt of electricity hits you!
The electric eel shoots out a bolt of lightning at you!
The bolt of electricity hits you!
* * * LOW HITPOINT WARNING * * *
You are feeling hungry.
The electric eel shoots out a bolt of lightning at you!
The bolt of electricity misses you.
The electric eel shoots out a bolt of lightning at you!
The bolt of electricity misses you.
An electric eel comes into view.
The electric eel shoots out a bolt of lightning at you!
The bolt of electricity hits you!
* * * LOW HITPOINT WARNING * * *
The electric eel shoots out a bolt of lightning at you!
The bolt of electricity hits you!
You die...

≈ ...≈...........+ .... ≈≈
≈≈≈≈..........#..... ♣≈
♣≈≈...[##...##..# ### ♣≈≈
♣≈.....##...##..###..#
♣♣≈≈≈♣♣♣≈..........#........#
≈≈≈.≈≈≈≈;=..................#
.≈.≈≈≈≈.≈≈..#.#.....#.#.#...#
;≈≈.≈≈≈≈≈...................#
♣♣≈.≈♣♣♣≈;..#.#.....#.#.#.#+##
♣≈≈ ♣≈..................... ♣≈
♣≈..####@....#.#.#..... ≈≈
≈≈≈≈.)# #.............# ;
≈≈≈.≈≈## ####+##..##...#
≈≈≈≈≈.# #....##.......#
≈♣♣♣≈≈#####....#..).....#
♣≈.....##...##..####.#
....>.....###'####+####
≈≈≈≈.≈≈≈≈
≈................#.....
.≈≈...≈≈
≈≈....##.........∩+.....
≈;≈≈≈≈
≈.....##...(......#..<.. ♣≈≈≈♣
≈..........##...########


You could see 2 electric eels.

Vanquished Creatures
  The ghost of hilaritas the Covert, a novice KoBe of Trog (D:6)
  Grinder (D:4)
  Edmund (D:5)
  An ice beast (D:5)
  A bullfrog (D:5)
  A scorpion (D:4)
  4 killer bees (D:7)
  2 howler monkeys (D:5)
  An electric eel (D:7)
  2 crimson imps
  3 centaur skeletons
  An orc priest (D:4)
  5 hounds
  2 orc wizards
  An iguana (D:5)
  Ijyb (D:4)
  4 worker ants
  2 hound skeletons
  A worker ant zombie (D:6)
  A howler monkey zombie (D:6)
  7 gnolls
  13 adders
  A shadow imp (D:5)
  An adder zombie (D:7)
  7 worms
  2 dart slugs
  8 leopard geckos
  18 orcs
  A ball python (D:2)
  4 giant cockroaches
  4 goblins
  3 hobgoblins
  12 jackals
  2 quokkas
  3 bats
  6 frilled lizards
  14 kobolds
  A leopard gecko skeleton (D:4)
  A quokka skeleton (D:6)
  3 rats
147 creatures vanquished.

Notes
Turn   | Place    | Note
-------+----------+-------------------------------------------
     0 | D:1      | hilaritas the Ogre Gladiator began the quest for the Orb.
     0 | D:1      | Reached XP level 1. HP: 22/22 MP: 1/1
    32 | D:1      | Reached skill level 3 in Maces & Flails
    42 | D:1      | Reached XP level 2. HP: 13/29 MP: 2/2
  1025 | D:2      | Reached XP level 3. HP: 35/37 MP: 3/3
  1390 | D:2      | Reached skill level 4 in Maces & Flails
  1442 | D:2      | Found a stormy altar of Qazlal.
  1726 | D:2      | Reached XP level 4. HP: 45/45 MP: 4/4
  2161 | D:2      | Found a sacrificial altar of Ru.
  2162 | D:2      | Found a sparkling altar of Nemelex Xobeh.
  2294 | D:2      | Reached XP level 5. HP: 36/53 MP: 5/5
  2609 | D:2      | Reached skill level 5 in Maces & Flails
  2989 | D:3      | Found a blossoming altar of Fedhas.
  3286 | D:3      | Found a burning altar of Makhleb.
  3297 | D:3      | Became a worshipper of Makhleb the Destroyer
  3646 | D:4      | Reached XP level 6. HP: 61/61 MP: 6/6
  3656 | D:4      | Got a creamy pearl robe
  3667 | D:4      | Identified the +1 robe of the Morning {*Drain Dex+2 Stlth+} (You found it on level 4 of the Dungeon)
  3985 | D:4      | Reached skill level 6 in Maces & Flails
  4024 | D:4      | Noticed Ijyb
  4028 | D:4      | Found an opulent altar of Gozag.
  4031 | D:4      | Killed Ijyb
  4031 | D:4      | Reached skill level 1 in Invocations
  4043 | D:4      | Reached * piety under Makhleb
  4236 | D:4      | Reached XP level 7. HP: 50/70 MP: 6/8
  4455 | D:4      | Noticed Grinder
  4467 | D:4      | Killed Grinder
  4467 | D:4      | Reached skill level 7 in Maces & Flails
  4870 | D:4      | You fall through a shaft for 2 floors!
  5087 | D:5      | Entered Level 5 of the Dungeon
  5104 | D:5      | Learned a level 2 spell: Blink
  5135 | D:5      | Found an opulent altar of Gozag.
  5138 | D:5      | Noticed Edmund
  5150 | D:5      | Killed Edmund
  5150 | D:5      | Reached XP level 8. HP: 56/79 MP: 9/9
  5289 | D:5      | Reached skill level 8 in Maces & Flails
  5453 | D:5      | Reached skill level 5 in Fighting
  5853 | D:5      | Identified the Compendium of Virous Sinister Arts
  6056 | D:6      | Reached ** piety under Makhleb
  6067 | D:6      | Found a snail-covered altar of Cheibriados.
  6269 | D:6      | Noticed hilaritas's ghost (novice KoBe)
  6284 | D:6      | Killed hilaritas's ghost
  6284 | D:6      | Reached skill level 9 in Maces & Flails
  6284 | D:6      | Reached XP level 9. HP: 45/89 MP: 11/11
  6485 | D:6      | Found an ancient bone altar of Kikubaaqudgha.
  6669 | D:6      | Found a hazy altar of Hepliaklqana.
  7004 | D:7      | Found a shattered altar of Ashenzari.
  7024 | D:7      | Found a transporter.
  7031 | D:7      | Noticed a kobold demonologist
  7064 | D:7      | Noticed an orc sorcerer
  7064 | D:7      | Reached skill level 10 in Maces & Flails
  7119 | D:7      | Found a staircase to the Ecumenical Temple.
  7270 | D:7      | Found Dajeann's Gadget Emporium.
  7334 | D:7      | HP: 9/92 [electric eel/bolt of electricity (12)]
  7339 | D:7      | HP: 1/92 [electric eel/bolt of electricity (9)]
  7341 | D:7      | Killed from afar by an electric eel

Skill      XL: |  1  2  3  4  5  6  7  8  9 |
---------------+----------------------------+-----
Maces & Flails | 3 4 5 6 7 9 10 | 10.0
Fighting       | 3 4 6 |  6.6
Invocations    | 1 2 3 4 |  4.1
Throwing       | |  2.0
Dodging        | |  2.6

Action                   |  1- 3 |  4- 6 |  7- 9 || total
-------------------------+-------+-------+-------++-------
Melee: Flail             |    93 |   164 |   166 ||   423
  Use: Scroll            |     4 |     9 |     6 ||    19
 Stab: Sleeping          |       |     3 |     2 ||     5
  Eat: Chunk             |     2 |     9 |     9 ||    20
Armor: Robe              |    24 |    43 |    32 ||    99
Dodge: Dodged            |    54 |    88 |    64 ||   206
